 Dungeon Crawl Stone Soup version 0.25-a0-403-g49d089a364 (webtiles) character file.

Game seed: 1746589657843753280, levelgen mode: deterministic

6239 DerDa the Fighter (level 10, -5/96 HPs)
             Began as a Minotaur Berserker on Jan 9, 2020.
             Was an Elder of Trog.
             Slain by a skeletal warrior
             ... wielding a cursed -3 war axe
              (8 damage)
             ... on level 9 of the Dungeon.
             The game lasted 00:18:36 (6819 turns).

DerDa the Fighter (Minotaur Berserker)              Turns: 6819, Time: 00:18:36

Health: -5/96      AC:  9    Str: 28    XL:     10   Next: 62%
Magic:  9/10       EV: 16    Int:  4    God:    Trog [****..]
Gold:   490        SH:  0    Dex: 10    Spells: 9/9 levels left

rFire    . . .     SeeInvis .   a - +4 long sword (curse)
rCold    + . .     Gourm    .   (no shield)
rNeg     . . .     Faith    .   w - +1 ring mail {rC+}
rPois    .         Spirit   .   (helmet restricted)
rElec    .         Reflect  .   (no cloak)
rCorr    .         Harm     .   x - +0 pair of gloves
MR       ++...                  (no boots)
Stlth    ..........             (no amulet)
HPRegen  1.26/turn              s - ring of attention (curse)
MPRegen  0.12/turn              B - +3 ring of strength

@: berserk cooldown, regenerating, slowed, very slow
A: retaliatory headbutt, horns 2
a: Berserk, Trog's Hand, Brothers in Arms, Renounce Religion


You were on level 9 of the Dungeon.
You worshipped Trog.
Trog was greatly pleased with you.
You were hungry.

You visited 2 branches of the dungeon, and saw 10 of its levels.

You collected 490 gold pieces.

Inventory:

Hand Weapons
 a - a cursed +4 long sword (weapon)
 u - a +1 whip of flaming
 E - a +0 hunting sling
Missiles
 b - 91 bolts
 e - 202 stones (quivered)
 i - 117 sling bullets
 k - 76 poisoned darts
Armour
 w - a +1 ring mail of cold resistance (worn)
 x - a +0 pair of gloves (worn)
Jewellery
 s - a cursed ring of attention (left hand)
 B - a +3 ring of strength (right hand)
 F - an uncursed ring of protection from cold {unknown}
Wands
 C - a wand of acid (6)
 I - a wand of paralysis (7)
 J - a wand of iceblast (7)
Scrolls
 d - 2 scrolls of random uselessness {unknown}
 g - 3 scrolls of fog {unknown}
 j - a scroll of amnesia {unknown}
 n - 8 scrolls of identify {unknown}
 o - a scroll of fear {unknown}
 r - 4 scrolls of teleportation {unknown}
 t - 8 scrolls of remove curse {unknown}
 y - a scroll of brand weapon {unknown}
 H - a scroll of immolation {unknown}
 M - a scroll of enchant armour {unknown}
Potions
 f - a potion of invisibility {unknown}
 h - 2 potions of might
 l - 2 potions of flight
 m - 2 potions of heal wounds {unknown}
 p - 4 potions of curing
 q - 3 potions of mutation {unknown}
 v - 2 potions of resistance {unknown}
 z - 2 potions of magic {unknown}
 A - a potion of degeneration {unknown}
 D - 2 potions of lignification {unknown}
 K - 2 potions of ambrosia {unknown}
 L - a potion of agility {unknown}
Comestibles
 c - 23 rations


   Skills:
 * Level 11.5 Fighting
 + Level 8.8 Long Blades
 + Level 8.0 Armour
 * Level 10.3 Dodging
 + Level 1.5 Evocations


You had 9 spell levels left.
You didn't know any spells.
Your spell library was empty.

Dungeon Overview and Level Annotations

Branches:
Dungeon (9/15)             Temple (1/1) D:4
   Lair: D:8-11         Orc: D:9-12

Altars:
Ashenzari
Cheibriados
Dithmenos
Elyvilon
Fedhas
Gozag
Hepliaklqana
Kikubaaqudgha
Makhleb
Nemelex Xobeh
Okawaru
Qazlal
Ru
Sif Muna
Trog
Uskayaw
Vehumet
Wu Jian
Xom
Yredelemnul
Zin
The Shining One

Shops:
D:6 =

Annotations:
D:9 1 transporter


Innate Abilities, Weirdness & Mutations

You reflexively headbutt those who attack you in melee.
You have a pair of horns on your head.


Message History

You are exhausted.
You feel as though you will be slow longer.
TimeIsEndless's ghost closely misses you.
You furiously retaliate!
You headbutt TimeIsEndless's ghost!
You destroy TimeIsEndless's ghost!
Trog accepts your kill.
Your Armour skill increases to level 8!
You slash the skeletal warrior!
The skeletal warrior is lightly damaged.
The skeletal warrior hits you with a cursed -3 war axe!!
* * * LOW HITPOINT WARNING * * *
Your skin crawls.
You feel resistant to hostile enchantments.
You are feeling hungry.
The skeletal warrior completely misses you.
You fail to use your ability.
The skeletal warrior hits you with a cursed -3 war axe!!
* * * LOW HITPOINT WARNING * * *
The skeletal warrior hits you with a cursed -3 war axe!
You die...

# #.#...........#...# ####
#.#...........#.#.# ...#
#.#..###.###..#.#.#
...######.#..#8#.#8#..#.#.#
..........#.Z.(......%#...#
...####..©#%....©....[#©..#
.### ##..#....ZzZ...(#..##
.# ##.#..#8#z#8#.?#.## .#
#.#..###@###..#.# .#
#.#...........#.# .#
#.#©..........#.# ##
#.#############.# #
#..............[# #
################# # # #


You could see a skeletal warrior, a wight and 2 centaur warrior zombies.

Vanquished Creatures
  The ghost of TimeIsEndless the Blocker, a novice GnFi of Okawaru (D:9)
  Joseph (D:7)
  A queen bee (D:8)
  A hippogriff (D:6)
  Sigmund (D:2)
  2 wraiths (D:9)
  2 wyverns
  A hungry ghost (D:9)
  An ice beast (D:3)
  3 sky beasts
  3 ogres
  3 centaurs
  8 bullfrogs
  A scorpion (D:6)
  18 killer bees
  8 wights
  A howler monkey (D:6)
  A bullfrog zombie (D:6)
  5 crimson imps
  2 quasits
  A jelly (D:8)
  3 orc priests (D:7)
  5 hounds
  5 orc wizards
  A bullfrog skeleton (D:6)
  2 iguanas
  Natasha (thrice) (D:4)
  7 worker ants
  2 worker ant zombies
  4 gnolls (D:2)
  12 adders
  9 river rats (D:5)
  3 shadow imps
  An adder zombie (D:5)
  3 adder skeletons
  3 worms
  2 dart slugs (D:1)
  7 leopard geckos
  19 orcs
  8 giant cockroaches
  7 hobgoblins
  4 jackals (D:4)
  8 quokkas
  6 bats
  5 frilled lizards
  10 goblins
  8 kobolds
  A leopard gecko zombie (D:5)
  A quokka skeleton (D:6)
  23 rats
237 creatures vanquished.

Notes
Turn   | Place    | Note
-------+----------+-------------------------------------------
     0 | D:1      | DerDa the Minotaur Berserker began the quest for the Orb.
     0 | D:1      | Reached XP level 1. HP: 19/19 MP: 0/0
    65 | D:1      | Reached XP level 2. HP: 17/27 MP: 1/1
   345 | D:1      | Reached skill level 4 in Fighting
   540 | D:1      | Reached XP level 3. HP: 29/33 MP: 2/2
   670 | D:2      | Reached ** piety under Trog
   725 | D:2      | Reached XP level 4. HP: 38/41 MP: 3/3
   815 | D:2      | Noticed Sigmund
   820 | D:2      | Killed Sigmund
   820 | D:2      | Reached skill level 5 in Fighting
   820 | D:2      | Reached XP level 5. HP: 48/48 MP: 4/4
  1258 | D:3      | Noticed an ice beast
  1274 | D:3      | Killed an ice beast
  1274 | D:3      | Reached XP level 6. HP: 19/57 MP: 5/5
  1695 | D:3      | Reached skill level 6 in Fighting
  1695 | D:3      | Reached skill level 5 in Long Blades
  1723 | D:3      | Found a snail-covered altar of Cheibriados.
  2112 | D:4      | Reached *** piety under Trog
  2127 | D:4      | Noticed Natasha
  2131 | D:4      | Killed Natasha
  2131 | D:4      | Reached skill level 5 in Dodging
  2274 | D:4      | Reached XP level 7. HP: 53/64 MP: 6/6
  2277 | D:4      | Noticed Natasha
  2283 | D:4      | Killed Natasha
  2319 | D:4      | Noticed Natasha
  2332 | D:4      | Killed Natasha
  2919 | D:4      | Found a staircase to the Ecumenical Temple.
  2931 | Temple   | Entered the Ecumenical Temple
  3139 | D:5      | Entered Level 5 of the Dungeon
  3343 | D:5      | Reached skill level 7 in Fighting
  3542 | D:5      | Found a shimmering blue altar of Sif Muna.
  3748 | D:5      | Reached **** piety under Trog
  3846 | D:5      | Reached XP level 8. HP: 59/73 MP: 7/7
  3952 | D:5      | Reached skill level 5 in Armour
  4227 | D:6      | Reached skill level 8 in Fighting
  4303 | D:6      | Noticed a hippogriff
  4315 | D:6      | Killed a hippogriff
  4397 | D:6      | Found Inin's Jewellery Emporium.
  4763 | D:7      | Reached skill level 9 in Fighting
  4763 | D:7      | Reached XP level 9. HP: 71/83 MP: 8/8
  5008 | D:7      | Noticed Joseph
  5017 | D:7      | Killed Joseph
  5017 | D:7      | Reached skill level 10 in Fighting
  5125 | D:7      | Found a sacrificial altar of Ru.
  5147 | D:7      | Reached ***** piety under Trog
  5147 | D:7      | Received a gift from Trog
  5148 | D:7      | Found the +2 Maxwell's thermic engine {flame, freeze}
  5694 | D:8      | Noticed a queen bee
  5709 | D:8      | Killed a queen bee
  5709 | D:8      | Reached XP level 10. HP: 29/94 MP: 9/9
  6237 | D:9      | Reached skill level 11 in Fighting
  6284 | D:9      | Found a transporter.
  6286 | D:9      | Noticed TimeIsEndless's ghost (novice GnFi)
  6287 | D:9      | Noticed a skeletal warrior
  6288 | D:9      | Found a transporter.
  6484 | D:9      | Reached skill level 10 in Dodging
  6804 | D:9      | Reached skill level 1 in Evocations
  6816 | D:9      | Killed TimeIsEndless's ghost
  6819 | D:9      | HP: 3/96 [skeletal warrior/cursed -3 war axe (19)]
  6819 | D:9      | Slain by a skeletal warrior

Levels and vault maps discovered:
D:1:      dpeg_arrival_simpleton_b, layout_basic
D:2:      layout_basic, uniq_sigmund
D:3:      layout_loops_ring, cheibriados_altar_1
D:4:      layout_basic, lemuel_temple_firewalk_a, uniq_natasha
D:5:      lemuel_ratsnest, layout_gridville, first_ration, lemuel_blue_sif_altar
D:6:      layout_basic, serial_shops, nicolae_shop_statue_plus, minivault_22
D:7:      layout_rooms, nicolae_overflow_hidden_temple, uniq_joseph
D:8:      layout_cave_pods, minmay_misc_feat_ornament, david_nohive_1
D:9:      layout_basic, gammafunk_ghost_mausoleum
Temple:   kilobyte_greek_temple

Skill      XL: |  1  2  3  4  5  6  7  8  9 10 |
---------------+-------------------------------+-----
Fighting       | 4 5 6 7 9 10 11 | 11.5
Long Blades    | 4 5 6 8 |  8.8
Dodging        | 3 4 5 6 7 9 10 | 10.3
Armour         | 3 4 6 7 8 |  8.0
Evocations     | 1 |  1.5

Action                   |  1- 3 |  4- 6 |  7- 9 | 10-12 || total
-------------------------+-------+-------+-------+-------++-------
Melee: Falchion          |    50 |    13 |       |       ||    63
       Headbutt          |     8 |    19 |    76 |    29 ||   132
       Long sword        |       |    61 |   320 |   105 ||   486
Invok: Berserk           |       |     2 |     2 |     1 ||     5
       Trog's Hand       |       |       |     2 |     3 ||     5
  Use: Potion            |       |       |       |     3 ||     3
  Eat: Chunk             |       |     6 |    13 |     5 ||    24
       Ration            |       |       |       |     1 ||     1
Armor: Animal skin       |    10 |       |       |       ||    10
       Ring mail         |     3 |     8 |   109 |    29 ||   149
       Chain mail        |       |    11 |     2 |       ||    13
Dodge: Dodged            |    42 |    39 |   221 |   101 ||   403
       Rpst.: Falchion   |    11 |     2 |       |       ||    13
       Long sword        |       |     8 |    62 |    37 ||   107

Table legend:
 A = Non-vault XP
 B = Vault XP
 C = Vault XP percentage of total XP
 D = Non-vault monster count
 E = Vault monster count
 F = Vault count percentage of total count
                 A         B        C        D         E       F
            +---------+---------+-------+---------+---------+-------
      Total |    5273 |    3640 |  40.8 |     181 |      56 |  23.6
            +---------+---------+-------+---------+---------+-------
        D:1 |      43 |       0 |   0.0 |      24 |       0 |   0.0
        D:2 |      91 |     227 |  71.4 |      15 |       1 |   6.2
        D:3 |     304 |       0 |   0.0 |      23 |       0 |   0.0
        D:4 |     325 |      35 |   9.7 |      24 |       1 |   4.0
        D:5 |     359 |     275 |  43.4 |       8 |      34 |  81.0
        D:6 |    1138 |       0 |   0.0 |      23 |       0 |   0.0
        D:7 |    1307 |     455 |  25.8 |      29 |       1 |   3.3
        D:8 |     689 |    1165 |  62.8 |      15 |      15 |  50.0
        D:9 |    1017 |    1483 |  59.3 |      20 |       4 |  16.7
            +---------+---------+-------+---------+---------+-------
